 Dungeon Crawl Stone Soup version 0.31.0-11-ge490571c62 (webtiles) character file.

Game seed: 10057129504504637739

60 qw the Shooter (level 3, 0/20 HPs)
             Began as a Deep Elf Hunter on Feb 4, 2024.
             Succumbed to their own poison gas
             ... on level 2 of the Dungeon.
             The game lasted 00:00:06 (1738 turns).

qw the Shooter (Deep Elf Hunter)                    Turns: 1738, Time: 00:00:06

Health: 0/20       AC:  6    Str: 10    XL:     3   Next: 82%
Magic:  5/5        EV: 11    Int: 13    God:
Gold:   141        SH:  0    Dex: 18    Spells: 2/2 levels left

rFire   . . .        a - +1 shortbow
rCold   . . .        (shield currently unavailable)
rNeg    . . .        j - +0 ring mail
rPois   .            i - +0 helmet
rElec   .            (no cloak)
rCorr   .            (no gloves)
SInv    .            (no boots)
Will    .....        (no amulet)
Stlth   +            (no ring)
HPRegen 0.23/turn    (no ring)
MPRegen 0.09/turn

%: no passive effects
@: lethally poisoned (0 -> -12)
A: no striking features
a: no special abilities


You were on level 2 of the Dungeon.
You visited 1 branch of the dungeon, and saw 2 of its levels.

You collected 141 gold pieces.


   Skills:
 - Level 1.5 Fighting
 + Level 7.3 Ranged Weapons
 - Level 2.4 Dodging
 - Level 1.2 Stealth


You had 2 spell levels left.
You didn't know any spells.
Your spell library was empty.

Inventory:

Hand Weapons
 a - a +1 shortbow (weapon)
Armour
 i - a +0 helmet (worn)
 j - a +0 ring mail (worn)
Jewellery
 h - a ring of ice
Potions
 c - a potion of curing {unknown}

Dungeon Overview and Level Annotations

Branches:
Dungeon (2/15)

Altars:

Annotations:
D:1 exclusion: 2 goblins


Message History

Found a stone staircase leading up.
Enter note:
Enter note:
Enter note:
There is an escape hatch in the ceiling here.
You now have 141 gold pieces (gained 4).
You open the door.
There is an open door here.
You open the door.
There is an open door here.
Done exploring.
Done exploring.
1734 ||| READING scroll labelled LEVO BAIRIA.
As you read the scroll labelled LEVO BAIRIA, it crumbles to dust.
You assume a fearsome visage.
Nothing appears to happen.
It was a scroll of fear.
Done exploring.
1735 ||| READING scroll labelled NITUED DAIFO.
The air fills with toxic fumes!
As you read the scroll labelled NITUED DAIFO, it crumbles to dust.
It was a scroll of poison.
Done exploring.
What level of the Dungeon? (default 2, ? - help) Sorry, I don't know how to get there.
Enter note:
Enter note:
Enter note:
Enter note:
Enter note:
Enter note:
Enter note:
Enter note:
Enter note: You are engulfed in poison gas.
You are lethally poisoned!
You feel very sick.
1737 ||| Stepping ~*~*~tactically~*~*~ (cloud).
You feel very sick.
There is a lethal amount of poison in your body!
You die...

#..# #..# ####### #..#
#P....# ##..#######
#'###.# [.........#
#..P#.# ##..#####.#
####¤#¤### ##..#####.##
##¤P¤¤8.'.#
.#..##...¤¤#####P¤P#####.#
....#...#¤¤¤¤8P¤@P##.....#
.#.#.###.¤##¤#¤#####.#####
##..## ##.##.#P.P#...#
.%..# #..#.###'#...##
.#..## ##.##P...P#....#
.#<#.###.#########...##
.#.##....# #.....##
.#.###.#.# #....## .#.#
#.#.######.#.##


There were no monsters in sight!

Vanquished Creatures
  2 adders (D:2)
  A ribbon worm (D:2)
  3 ball pythons (D:1)
  2 endoplasms (D:1)
  2 giant cockroaches (D:1)
  5 goblins
  4 hobgoblins
  6 jackals
  3 quokkas
  3 bats
  2 frilled lizards
  A kobold (D:2)
  2 rats
36 creatures vanquished.

Notes
Turn   | Place    | Note
-------+----------+-------------------------------------------
     0 | D:1      | qw the Deep Elf Hunter began the quest for the Orb.
     0 | D:1      | Reached XP level 1. HP: 12/12 MP: 3/3
     0 | D:1      | 0 ||| qw: Version: 0.3-a-160-g6735b56
     0 | D:1      | 0 ||| qw: Game counter: 5839
     0 | D:1      | 0 ||| qw: Melee chars always use a shield: true
     0 | D:1      | 0 ||| qw: God list: Okawaru
     0 | D:1      | 0 ||| qw: Allow faded altars: false
     0 | D:1      | 0 ||| qw: Do Orc after clearing Dungeon:15 true
     0 | D:1      | 0 ||| qw: Do second Lair branch before Depths: true
     0 | D:1      | 0 ||| qw: Lair rune preference: random
     0 | D:1      | 0 ||| qw: Goals: Normal
     0 | D:1      | 0 ||| PLANNING D:1-11
   133 | D:1      | Reached skill level 6 in Ranged Weapons
   133 | D:1      | Reached XP level 2. HP: 16/16 MP: 4/4
   155 | D:1      | HP: 4/16 [jackal (2)]
   826 | D:1      | 826 ||| UPGRADING to +0 helmet.
   831 | D:1      | 831 ||| UPGRADING to +0 ring mail.
   841 | D:1      | 841 ||| DROPPING +0 leather armour.
   842 | D:1      | 842 ||| READING scroll labelled LACSUPS FINE.
   943 | D:1      | 943 ||| READING 2 scrolls labelled ZIRO GAQEY.
   943 | D:1      | 943 ||| IDENTIFYING scroll labelled GIGUAN RISURCH
   944 | D:1      | 944 ||| READING scroll of identify.
   944 | D:1      | 944 ||| IDENTIFYING scroll labelled PUQULO WOAHOZY
   945 | D:1      | 945 ||| READING scroll labelled HOHAFYGU TIXEB.
   946 | D:1      | 946 ||| READING scroll labelled BAIT NUPPU HINOKK.
   946 | D:1      | 946 ||| ENCHANTING +0 shortbow.
   947 | D:1      | 947 ||| READING scroll labelled VUL IGRUREPYXT.
   948 | D:1      | 948 ||| DROPPING scroll of butterflies.
   949 | D:1      | 949 ||| DROPPING scroll of fog.
   950 | D:1      | 950 ||| DROPPING scroll of amnesia.
  1122 | D:2      | Reached XP level 3. HP: 15/20 MP: 5/5
  1296 | D:2      | Reached skill level 7 in Ranged Weapons
  1580 | D:2      | Found a faded altar of an unknown god.
  1734 | D:2      | 1734 ||| READING scroll labelled LEVO BAIRIA.
  1735 | D:2      | 1735 ||| READING scroll labelled NITUED DAIFO.
  1737 | D:2      | 1737 ||| Stepping ~*~*~tactically~*~*~ (cloud).
  1737 | D:2      | HP: 3/20 [poisoned by you (poison gas)]
  1738 | D:2      | Succumbed to their own poison gas

Levels and vault maps discovered:
D:1:      minmay_arrival_diagonal_passages, layout_loops_cross, serial_glass,
          glass_columns_c, glass_columns_c, chequers_big_river, nicolae_titane
D:2:      layout_loops_ring, shapermc_ecumenical_altar_ellora,
          kennysheep_generic_room_10

Skill      XL: |  1  2  3 |
---------------+----------+-----
Ranged Weapons | 6 7 |  7.3
Fighting       | |  1.5
Dodging        | |  2.4
Stealth        | |  1.2

Action                     || total
---------------------------++-------
   Fire: Shortbow          ||    90
    Use: Scroll            ||     8
 Armour: Leather armour    ||    15
         Ring mail         ||    18
  Dodge: Dodged            ||    37

Table legend:
 A = Non-vault XP
 B = Vault XP
 C = Vault XP percentage of total XP
 D = Non-vault monster count
 E = Vault monster count
 F = Vault count percentage of total count
                 A         B        C        D         E       F
            +---------+---------+-------+---------+---------+-------
      Total |      87 |       0 |   0.0 |      36 |       0 |   0.0
            +---------+---------+-------+---------+---------+-------
        D:1 |      32 |       0 |   0.0 |      19 |       0 |   0.0
        D:2 |      55 |       0 |   0.0 |      17 |       0 |   0.0
            +---------+---------+-------+---------+---------+-------
